Unix NetHack Version 5.0.0-0 post-release - last build Jul 19 2026 19:10:59 (3aa4ab31751d3886436d94b585a96704892fd477,branch:main).

Game began 2026-07-27 22:36:47, ended 2026-07-28 21:34:46.

Calendula, neutral female human Wizard

                                        ---------
                                         .......
                                        -......-
                                        |......|
                                        |.....
                                        +...
                        | -------+-------..------
                        |.............{....|....|
  -------               |    -+-----.......|.._.|                  #
  |.....|                          |....%..|....|                  #### ------
  |...<.-########                  |......{|....|                     ##.....|
  |....)|       ########|    -----+-.......-|----+---   |               |....|
  -------              #|...........@.....@.)..@f.......|               |..>.|
                       #| -----+----.......--|-..----   |      #########.....|
                       #        |..-.......|..|..|           ###        ------
                       #        |..|.......|..|..|         ###
                       #        ------------------         #
                       #####################################

Calendula the Thaumaturge  St:8 Dx:10 Co:18 In:16 Wi:11 Ch:10  Neutral
Dlvl:7  $:20 HP:0(65) Pw:7(63) AC:7  Xp:7 T:3947 

Latest messages:
 You feel less concerned about becoming petrified.
 You see here a giant bat corpse.
 You hear someone praising Thoth.
 You hit the iguana.
 You kill the iguana!
 You see here a bow.
 The priestess of Thoth intones:
 "Pilgrim, you enter a sacred place!"
 You experience a sense of peace.
 You see here a bow.
 You no longer feel secure from petrification.
 You see here a giant bat corpse.
 T - a giant bat corpse.
 You see here a bow.
 What do you want to sacrifice? [T or ?*] T
 Your sacrifice is consumed in a plume of smoke!
 You see here a bow.
 The door opens.
 What do you want to zap? [c or ?*] c
 In what direction? 6
 The magic missile hits the jaguar!
 The jaguar hits!
 The jaguar hits again!
 The jaguar bites!
 What do you want to zap? [c or ?*] c
 In what direction? 6
 The magic missile hits the jaguar!
 The jaguar hits!
 The jaguar hits again!
 The jaguar bites!
 What do you want to zap? [c or ?*] c
 Nothing happens.
 The jaguar hits!
 The jaguar hits again!
 The jaguar bites!
 What do you want to throw? [$QR or ?*] F
 In what direction? 6
 The food ration misses the jaguar.
 The jaguar hits!
 The jaguar hits again!
 The jaguar bites!
 The jaguar hits!
 The jaguar hits again!
 The jaguar bites!
 You die...
 Do you want your possessions identified? [ynq] (y) y
 Do you want to see your attributes? [ynq] (y) y
 Do you want an account of creatures vanquished? [ynaq] (y) y
 Do you want to see your conduct and achievements? [ynq] (y) y
 Do you want to see the dungeon overview? [ynq] (y) y

Inventory:
 Coins    ('$')
  $ - 20 gold pieces
 Amulets  ('"')
  v - an uncursed amulet of reflection
 Weapons  (')')
  Q - a cursed -3 crossbow bolt
  R - a +0 dagger
  a - a blessed burnt +2 quarterstaff (weapon in hands)
 Armor    ('[')
  H - an uncursed +0 pair of iron shoes (being worn)
  b - a cursed +0 cloak of magic resistance (being worn)
  G - an uncursed +0 dwarvish cloak
  K - an uncursed +0 dwarvish cloak
 Comestibles  ('%')
  t - a cursed banana
  A - 2 uncursed cram rations
  F - an uncursed food ration
  p - an uncursed lembas wafer
  E - an uncursed orange
  u - a cursed rotten tin of jackal meat
  r - an uncursed tin of deep fried lichen
  g - an uncursed egg
 Scrolls  ('?')
  k - an uncursed scroll of earth
  j - 2 uncursed scrolls of magic mapping
 Spellbooks  ('+')
  m - an uncursed spellbook of detect monsters
  l - a blessed spellbook of force bolt
  y - an uncursed spellbook of healing
  z - an uncursed spellbook of knock
 Potions  ('!')
  f - an uncursed potion of fruit juice
  B - a blessed potion of healing
  q - an uncursed potion of water
 Rings    ('=')
  e - a blessed +1 ring of gain constitution
  d - an uncursed ring of teleportation
  L - an uncursed ring of warning
 Wands    ('/')
  c - a wand of magic missile (0:0)
 Tools    ('(')
  n - a magic marker (0:4)
  M - a +0 pick-axe
 Gems/Stones  ('*')
  I - an uncursed black opal
  s - a cursed worthless piece of red glass
  x - a cursed worthless piece of yellowish brown glass

Calendula the Wizard's attributes:

Background:
 You were a Thaumaturge, a level 7 female human Wizard.
 You were neutral, on a mission for Thoth
 who was opposed by Ptah (lawful) and Anhur (chaotic).
 You were right-handed.
 You were in the Gnomish Mines, on level 7.
 You entered the dungeon 3947 turns ago.
 You had 941 experience points, 339 more were needed to attain level 8.

Basics:
 You had 0 out of 65 hit points.
 You had 7 out of 63 energy points (spell power).
 Your armor class was 7.
 Your wallet contained 20 zorkmids.
 Autopickup was off.

Final Characteristics:
 Your strength was 8 (limit:18/100).
 Your dexterity was 10 (peak:12, limit:18).
 Your constitution was 18 (limit:18).
 Your intelligence was 16 (limit:18).
 Your wisdom was 11 (limit:18).
 Your charisma was 10 (limit:18).

Final Status:
 You weren't hungry.
 You were unencumbered.
 You were wielding a quarterstaff.
 You had basic skill with quarterstaff and could have enhanced that.

Final Attributes:
 You were piously aligned.
 You were magic-protected.
 You saw invisible.
 You were telepathic.
 You could teleport.
 You were warded.
 You are dead.

Miscellaneous:
 You didn't encounter any bones levels.
 Total elapsed playing time was 1 hour, 6 minutes and 21 seconds.

Major events:
 Turn
    1: Calendula the neutral female human Wizard entered the dungeon
 1012: attained the rank of Conjurer (level 3)
 1982: attained the rank of Thaumaturge (level 6)
 2576: entered the Gnomish Mines
 3873: reached Mine Town
 3947: killed by a jaguar

Spells:
 Name                 Level Category     Fail Retention
 force bolt             1   attack         0%   81%-90%
 detect monsters        1   divination     0%  76%-100%

Skills:
 Fighting Skills
   bare handed combat [Unskilled]
   riding             [Unskilled]
 Weapon Skills
   dagger             [Unskilled]
   knife              [Unskilled]
   axe                [Unskilled]
   short sword        [Unskilled]
   club               [Unskilled]
   mace               [Unskilled]
   quarterstaff       [Basic]
   polearms           [Unskilled]
   spear              [Unskilled]
   trident            [Unskilled]
   sling              [Unskilled]
   dart               [Unskilled]
   shuriken           [Unskilled]
 Spellcasting Skills
   attack spells      [Basic]
   healing spells     [Unskilled]
   divination spells  [Unskilled]
   enchantment spells [Basic]
   clerical spells    [Unskilled]
   escape spells      [Unskilled]
   matter spells      [Unskilled]

Voluntary challenges:
 Character rerolling was not enabled.
 You never genocided any monsters.
 You never polymorphed an object.
 You never changed form.
 You used no wishes.
Achievements:
 You entered a shop.
 You attained the rank of Conjurer.
 You attained the rank of Thaumaturge.
 You entered the Gnomish Mines.
 You entered Minetown.
 You entered a temple.

 The Dungeons of Doom: levels 1 to 4
    Level 1:
       A fountain.
    Level 2:
       An armor shop.
    Level 3:
       A weapon shop.
    Level 4:
       A potion shop, a grave.
       Stairs down to The Gnomish Mines.
 The Gnomish Mines: levels 5 to 7
    Level 5:
    Level 6:
    Level 7: <- You were here.
       A temple and an altar to Thoth, some fountains.
       Final resting place for
          you, killed by a jaguar.


Vanquished creatures:
  2 leprechauns
  2 iron piercers
  a lizard
  a dingo
  2 dwarf leaders
  2 bugbears
  a rock piercer
  a pony
  a violet fungus
  2 gnome leaders
  a gnomish wizard
  a ghoul
  a straw golem
  2 floating eyes
  a kitten
  4 dwarves
  4 rothes
  2 giant bats
 an iguana
 an acid blob
  a gas spore
  2 hobbits
  a giant rat
  3 yellow molds
  a green mold
  2 red molds
 18 gnomes
  a garter snake
  5 geckos
 16 jackals
  a kobold
  a sewer rat
  a grid bug
  a bat
  4 lichens
  a kobold zombie
  6 newts
98 creatures vanquished.

No species were genocided or became extinct.

Game over:
                       ----------
                      /          \
                     /    REST    \
                    /      IN      \
                   /     PEACE      \
                  /                  \
                  |    Calendula     |
                  |      20 Au       |
                  |   killed by a    |
                  |      jaguar      |
                  |                  |
                  |                  |
                  |       2026       |
                 *|     *  *  *      | *
        _________)/\\_//(\/(/\)/\//\/|_)_______

Goodbye Calendula the Wizard...

You died in The Gnomish Mines on dungeon level 7 with 3308 points,
and 20 pieces of gold, after 3947 moves.
You were level 7 with a maximum of 65 hit points when you died.

